Map: 紫晶浪漫-天梯版

Players

iGXY (XY)

  • Race: Terran Terran
  • League: Master

Cyan - Winner!

  • Race: Protoss Protoss
  • League: Master

Event: DreamHack SC2 Masters 2021 Winter

VOD

Have the link to the VOD?

Description

Time

  • Played on: Oct. 8, 2021, 9:06 a.m.
  • Length: 33:21

All games in this series

Show
View Real Time Build Order
Export as new Build Order

iGXY Terran 

Build Orders: Reaper Expand, Banshee Rush 

Get SALT Encoding   

  12  0:02  SCV  
  13  0:14  SCV  
  13  0:18  Supply Depot  
  14  0:26  SCV  
  15  0:40  SCV  
  15  0:42  Barracks  
  16  0:45  Refinery  
  16  0:52  SCV  
  17  1:04  SCV  
  18  1:16  SCV  
  19  1:28  Reaper  
  19  1:29  Orbital Command  
  20  1:44  Command Center  
  20  1:52  Supply Depot  
  20  1:54  SCV  
  21  2:02  Barracks Reactor  
  21  2:06  SCV  
  22  2:18  SCV  
  23  2:23  Factory  
  23  2:28  Refinery  
  23  2:31  SCV  
  24  2:39  Marine x2  
  24  2:40  Bunker  
  24  2:43  SCV  
  27  2:55  SCV  
  27  2:57  Marine x2  
  27  2:58  Orbital Command  
  30  3:07  SCV, Factory Tech Lab  
  30  3:09  Starport  
  30  3:15  Marine x2  
  30  3:19  SCV  
  31  3:31  SCV  
  31  3:32  SCV, Marine  
  31  3:33  Marine  
  34  3:41  Factory Tech Lab  
  34  3:43  SCV, Refinery  
  34  3:44  SCV  
  36  3:50  Cloaking Field, Banshee  
  36  3:54  Marine x2  
  41  3:56  SCV x2  
  41  4:00  Supply Depot  
  43  4:08  SCV x2  
  45  4:12  Marine  
  46  4:21  SCV, Siege Tank, Marine  
  46  4:22  SCV  
  46  4:23  Supply Depot  
  53  4:34  SCV  
  54  4:39  SCV  
  54  4:43  Command Center  
  54  4:44  Banshee  
  57  4:46  SCV, Marine  
  57  4:47  Supply Depot, Marine  
  60  4:58  SCV x2  
  62  5:09  Siege Tank, Marine x2  
  62  5:10  SCV  
  62  5:11  Supply Depot  
  68  5:14  SCV  
  68  5:19  Supply Depot  
  69  5:22  SCV  
  69  5:27  Barracks  
  70  5:30  Barracks  
  70  5:33  SCV  
  70  5:34  Supply Depot  
  71  5:37  SCV, Marine x2  
  71  5:41  Siege Tank  
  76  5:43  Starport Reactor  
  76  5:45  SCV  
  76  5:49  SCV, Engineering Bay x2  
  78  5:54  Refinery  
  78  5:55  Orbital Command  
  78  5:57  SCV  
  78  6:00  Marine x2  
  78  6:04  SCV  
  81  6:05  Supply Depot  
  81  6:10  SCV  
  82  6:13  Siege Tank  
  82  6:16  Barracks Tech Lab  
  82  6:18  Terran Infantry Weapons Level 1, SCV, Terran Infantry Armor Level 1  
  85  6:22  Medivac x2  
  85  6:23  SCV  
  88  6:25  SCV  
  88  6:28  Marine x2  
  88  6:29  Marine  
  92  6:33  SCV  
  92  6:36  Combat Shield, Marine  
  92  6:39  Stimpack  
  94  6:45  SCV, Siege Tank  
  94  6:46  Marine  
  99  6:50  Marine x2  
  99  6:52  Orbital Command  
  99  6:54  SCV, Medivac  
  102  7:03  SCV  
  102  7:06  SCV  
  102  7:07  Barracks  
  101  7:09  Marauder x2  
  101  7:10  Barracks  
  105  7:15  SCV  
  105  7:18  SCV x2  
  105  7:20  Marine x2  
  110  7:25  Supply Depot  
  110  7:27  Medivac, SCV, Armory  
  113  7:30  SCV x2  
  113  7:35  Refinery x2  
  113  7:36  Supply Depot  
  115  7:38  Bunker  
  115  7:40  SCV  
  115  7:41  Supply Depot  
  115  7:42  SCV  
  117  7:44  Supply Depot  
  117  7:47  Marauder x2, SCV, Marine  
  123  7:54  Missile Turret, SCV  
  123  7:55  SCV  
  123  7:57  Missile Turret, Siege Tank  
  128  8:00  SCV  
  129  8:06  SCV  
  129  8:08  SCV  
  129  8:09  Marauder  
  129  8:10  Marauder, Marine x2  
  129  8:12  Supply Depot, Barracks Reactor x2  
  137  8:14  Terran Infantry Weapons Level 2, SCV  
  137  8:15  Supply Depot  
  138  8:24  Terran Infantry Armor Level 2, Command Center  
  138  8:26  Ghost Academy  
  138  8:28  Marine x2  
  138  8:29  SCV x3  
  143  8:35  Siege Tank  
  143  8:38  Supply Depot, Marine x2  
  143  8:40  Medivac  
  150  8:44  Supply Depot  
  147  8:51  Marine  
  147  8:55  Medivac  
  150  8:56  Marauder x2  
  150  8:57  Marine x2  
  150  8:58  Barracks Tech Lab  
  155  9:07  Siege Tank  
  158  9:10  Command Center  
  158  9:13  Missile Turret  
  158  9:14  Sensor Tower  
  158  9:15  Missile Turret  
  158  9:17  Missile Turret  
  158  9:18  Enhanced Shockwaves  
  158  9:22  Missile Turret  
  158  9:24  Missile Turret  
  158  9:26  SCV  
  158  9:29  Missile Turret  
  159  9:35  Terran Vehicle Weapons Level 1  
  159  9:39  Siege Tank  
  159  9:44  Ghost x2  
  166  9:50  Ghost  
  166  9:51  Missile Turret, Marine x3  
  166  9:52  Supply Depot, Marine  
  172  10:09  Starport  
  172  10:11  Siege Tank  
  175  10:15  Command Center  
  175  10:16  Refinery  
  175  10:17  Missile Turret, Refinery  
  175  10:18  Missile Turret  
  175  10:22  Ghost, Marine  
  175  10:23  Marine x2  
  180  10:29  Planetary Fortress  
  180  10:30  Barracks x2  
  180  10:32  Barracks  
  180  10:40  Ghost  
  180  10:41  Sensor Tower  
  180  10:42  Ghost  
  182  10:45  Missile Turret, Orbital Command  
  182  10:48  Command Center  
  184  10:57  Liberator x2  
  184  10:59  Missile Turret  
  190  11:06  Ghost  
  190  11:07  Missile Turret  
  186  11:20  Viking  
  186  11:21  Missile Turret, Viking  
  189  11:33  Terran Infantry Weapons Level 3, Terran Infantry Armor Level 3  
  189  11:34  Missile Turret  
  189  11:43  Planetary Fortress  
  189  11:44  Missile Turret  
  189  11:49  Viking x2  
  193  11:54  Command Center  
  193  11:59  Fusion Core  
  193  12:00  Terran Ship Weapons Level 1  
  192  12:04  Viking  
  192  12:06  Viking  
  196  12:13  Siege Tank  
  198  12:31  Personal Cloaking  
  198  12:32  Starport  
  198  12:46  Viking  
  200  13:02  Planetary Fortress  
  200  13:06  Missile Turret  
  200  13:07  Missile Turret  
  200  13:10  Missile Turret  
  200  13:15  Refinery  
  200  13:17  Starport Reactor  
  200  13:18  Command Center  
  200  13:20  Refinery  
  200  13:22  Missile Turret  
  200  13:27  Barracks Tech Lab x3  
  200  13:28  Command Center  
  200  13:33  Missile Turret  
  200  13:36  Command Center x2  
  200  13:37  Sensor Tower  
  200  13:45  Viking  
  200  13:54  Command Center  
  200  13:58  Command Center  
  200  14:00  Terran Ship Weapons Level 2  
  200  14:01  Advanced Ballistics  
  200  14:03  Planetary Fortress  
  200  14:10  Hi-Sec Auto Tracking, Command Center  
  200  14:11  Neosteel Armor  
  200  14:42  Ghost  
  200  14:50  Orbital Command  
  200  14:54  Orbital Command  
  200  14:55  Command Center  
  200  15:02  Nuke  
  200  15:04  Ghost Academy  
  200  15:09  Ghost Academy  
  200  15:17  Planetary Fortress  
  200  15:28  Orbital Command  
  199  15:42  Orbital Command  
  191  15:48  Viking  
  191  15:49  Viking x2, Command Center  
  195  15:55  Orbital Command x2  
  194  15:57  Command Center  
  194  16:02  Viking x2  
  197  16:04  Viking  
  197  16:07  Orbital Command  
  193  16:17  Ghost x2  
  193  16:18  Viking, Ghost  
  181  16:19  Viking x2  
  189  16:26  Refinery  
  189  16:27  Sensor Tower  
  189  16:31  Siege Tank  
  189  16:32  Viking x2  
  192  16:34  Terran Ship Weapons Level 3  
  194  16:40  Missile Turret  
  194  16:41  Missile Turret  
  194  16:44  Ghost  
  196  17:00  Viking x3, Orbital Command  
  200  17:07  Ghost x3  
  200  17:08  Marine x5  
  188  17:09  Viking  
  188  17:14  Ghost  
  188  17:15  Marine  
  193  17:22  Command Center  
  193  17:31  Viking x2  
  193  17:32  Viking  
  199  17:44  Orbital Command  
  199  17:47  Orbital Command  
  199  17:53  Command Center  
  199  18:04  Command Center  
  199  18:06  Missile Turret  
  199  18:07  Missile Turret  
  199  18:08  Sensor Tower  
  196  18:13  Missile Turret  
  196  18:18  Viking x2  
  200  18:31  Refinery  
  200  18:32  Missile Turret  
  200  18:33  Missile Turret, Refinery  
  200  18:41  Orbital Command  
  200  18:45  Orbital Command  
  200  18:47  Orbital Command  
  200  18:52  Viking x2  
  200  18:55  Viking  
  200  19:10  Missile Turret  
  200  19:11  Orbital Command, Terran Vehicle And Ship Armor Level 1  
  200  19:29  Viking  
  199  19:35  Planetary Fortress  
  199  19:37  Missile Turret, Viking  
  199  19:40  Missile Turret  
  199  19:52  Viking x2  
  197  20:02  Viking  
  197  20:05  Orbital Command  
  199  20:11  Viking x2  
  198  20:38  Missile Turret  
  198  20:39  Command Center  
  198  20:41  Sensor Tower  
  198  20:42  Missile Turret  
  180  20:43  Viking x2  
  180  20:44  Viking x2  
  180  20:45  Ghost x4  
  180  20:48  Ghost  
  180  20:49  Viking x2  
  184  20:58  Ghost  
  185  21:04  Command Center  
  185  21:10  Terran Vehicle And Ship Armor Level 2  
  185  21:13  Viking x2, Ghost  
  185  21:14  Viking x2  
  195  21:19  Viking x2  
  199  21:54  Planetary Fortress  
  199  21:58  Viking  
  199  22:08  Missile Turret  
  199  22:10  Missile Turret  
  199  22:12  Missile Turret  
  199  22:13  Missile Turret  
  199  22:17  Sensor Tower  
  199  22:22  Command Center  
  199  22:28  Missile Turret x2, Siege Tank  
  199  22:31  Ghost  
  199  22:35  Missile Turret x2, Unknown  
  195  22:40  Viking x2  
  199  22:51  Ghost x2  
  199  22:58  Viking x2, Ghost x3  
  189  22:59  Viking  
  190  23:09  Siege Tank, Ghost  
  195  23:19  Ghost  
  182  23:20  Ghost  
  182  23:27  Ghost x2  
  181  23:29  Viking  
  187  23:40  Orbital Command  
  187  23:41  Siege Tank  
  186  23:45  Terran Vehicle And Ship Armor Level 3  
  186  23:59  Ghost  
  186  24:00  Viking x4  
  186  24:01  Viking  
  198  24:21  Sensor Tower  
  198  24:26  Viking  
  197  24:55  Viking  
  194  25:36  Planetary Fortress  
  194  25:45  Ghost x3  
  194  25:46  Ghost  
  194  25:47  Viking x2  
  171  25:55  Viking, Ghost  
  171  25:56  Viking x2  
  179  25:57  Viking  
  179  26:10  Ghost  
  167  26:11  Marine x2  
  167  26:13  Ghost  
  167  26:15  Siege Tank  
  167  26:16  Ghost  
  167  26:17  Viking x2  
  160  26:19  Ghost x2  
  160  26:20  Marine x2  
  160  26:22  Terran Vehicle Weapons Level 2  
  160  26:23  Ghost  
  160  26:25  Viking  
  160  26:26  Viking x2  
  160  26:27  Viking  
  160  26:29  Marine x2  
  167  26:36  Smart Servos  
  167  26:38  Marine x2, Orbital Command  
  167  26:39  Ghost  
  171  26:42  Ghost  
  171  26:45  Marauder  
  175  26:47  Siege Tank, Marine x2  
  175  26:48  Marauder, Ghost  
  175  26:49  Viking  
  175  26:52  Ghost  
  188  26:56  Marine x2  
  190  27:05  Marine x2  
  190  27:07  Marauder  
  193  27:08  Marauder  
  193  27:10  Marauder  
  193  27:11  Marauder  
  193  27:15  Marine x2  
  199  27:20  Missile Turret  
  199  27:21  Missile Turret  
  199  27:42  Missile Turret  
  199  28:00  Missile Turret  
  195  28:20  Ghost  
  195  28:21  Ghost  
  195  28:24  Viking  
  193  28:37  Siege Tank  
  196  28:43  Missile Turret  
  196  28:44  Missile Turret  
  196  28:45  Missile Turret, Sensor Tower  
  196  28:59  Viking x2  
  198  29:35  Viking  
  198  29:37  Orbital Command  
  200  29:50  Command Center  
  196  30:06  Marauder x2  
  200  30:17  Viking  
  194  30:42  Viking x2  
  149  30:43  Viking  
  149  30:48  Marauder x3, Marine x6  
  149  30:49  Viking x3  
  115  31:01  Marauder  
  99  31:06  Siege Tank, Marine x4  
  99  31:07  Marauder x2  
  99  31:09  Marine x3  
  109  31:12  Viking x3  
  104  31:19  Viking x2  
  104  31:23  Marine  
  103  31:45  Marine x2  
  74  31:49  Ghost x2  
  74  31:50  Marine x2  
  79  31:57  Marine  
  78  32:03  Marauder  
  78  32:05  Marine  
  81  32:09  Ghost  
  81  32:10  Marine  
  84  32:26  Missile Turret  
  84  32:29  Sensor Tower, Ghost  
  86  32:33  Marine x3  
  88  32:39  Marine  
  90  32:45  Missile Turret  
  89  33:00  Refinery  
Show
View Real Time Build Order
Export as new Build Order

Cyan Protoss - Winner!

Build Orders: 1 Gate Expand, Archon Immortal, Blink Stalkers, Carriers 

Get SALT Encoding   

  12  0:00  Probe  
  13  0:12  Probe  
  14  0:17  Pylon  
  14  0:24  Probe (Chrono Boost)  
  15  0:36  Probe (Chrono Boost)  
  15  0:38  Gateway  
  16  0:45  Probe (Chrono Boost)  
  16  0:47  Assimilator  
  17  0:51  Probe  
  18  1:03  Probe  
  19  1:15  Probe  
  20  1:25  Cybernetics Core  
  20  1:34  Nexus  
  20  1:38  Probe  
  21  1:45  Pylon  
  21  1:50  Probe  
  22  1:54  Assimilator  
  22  2:01  Adept (Chrono Boost)  
  22  2:02  Assimilator  
  22  2:08  Warp Gate  
  24  2:10  Probe  
  24  2:21  Adept (Chrono Boost)  
  24  2:23  Probe  
  24  2:27  Twilight Council  
  27  2:35  Probe  
  28  2:42  Stalker (Chrono Boost)  
  28  2:46  Probe  
  28  2:51  Probe  
  32  2:58  Probe  
  32  2:59  Gateway, Blink (Chrono Boost)  
  32  3:03  Probe  
  34  3:11  Probe  
  35  3:16  Probe  
  36  3:23  Probe  
  35  3:28  Probe  
  36  3:35  Probe  
  36  3:37  Robotics Facility  
  36  3:41  Probe  
  38  3:42  Pylon  
  38  3:47  Gateway, Probe  
  39  3:53  Probe  
  40  3:56  Assimilator  
  40  3:59  Probe  
  40  4:00  Stalker, Pylon  
  43  4:04  Stalker  
  43  4:06  Probe  
  46  4:11  Probe  
  47  4:18  Probe  
  47  4:23  Stalker  
  47  4:24  Probe  
  51  4:26  Observer  
  51  4:27  Stalker  
  51  4:30  Pylon  
  55  4:39  Nexus  
  55  4:44  Probe x2  
  56  4:47  Observer  
  56  4:50  Stalker  
  59  4:53  Pylon  
  59  4:56  Stalker, Probe  
  59  4:58  Probe  
  63  5:03  Stalker  
  65  5:11  Observer  
  65  5:12  Pylon  
  66  5:15  Assimilator  
  66  5:16  Probe  
  66  5:17  Robotics Bay  
  66  5:19  Probe  
  66  5:21  Shield Battery  
  68  5:23  Pylon  
  68  5:28  Probe  
  68  5:31  Probe  
  68  5:34  Immortal  
  74  5:40  Probe  
  75  5:43  Probe  
  75  5:44  Forge  
  75  5:47  Observer, Charge  
  76  5:51  Probe (Chrono Boost)  
  76  5:53  Observer, Probe (Chrono Boost)  
  78  5:57  Probe (Chrono Boost)  
  78  6:03  Probe (Chrono Boost)  
  81  6:04  Probe (Chrono Boost)  
  81  6:07  Probe (Chrono Boost)  
  82  6:11  Probe (Chrono Boost)  
  82  6:14  Gateway  
  82  6:15  Gateway  
  82  6:16  Observer (Chrono Boost)  
  85  6:18  Probe  
  85  6:25  Probe  
  86  6:27  Protoss Ground Weapons Level 1 (Chrono Boost)  
  86  6:28  Probe  
  86  6:31  Photon Cannon, Extended Thermal Lance  
  87  6:38  Gateway x2, Probe  
  87  6:41  Gateway, Probe  
  87  6:43  Pylon  
  87  6:49  Probe  
  87  6:51  Photon Cannon  
  87  6:53  Colossus (Chrono Boost)  
  94  6:55  Pylon  
  94  7:03  Probe  
  93  7:09  Probe  
  93  7:11  Assimilator  
  93  7:12  Observer  
  93  7:13  Probe  
  93  7:14  Assimilator  
  93  7:15  Probe  
  96  7:17  Gateway  
  96  7:18  Gateway, Sentry x2  
  96  7:21  Probe  
  99  7:25  Probe  
  99  7:27  Probe  
  100  7:32  Stalker  
  102  7:43  Colossus (Chrono Boost)  
  108  7:53  Templar Archives  
  108  7:56  Pylon  
  108  7:57  Nexus, Pylon  
  108  7:58  Robotics Facility, Pylon  
  108  8:00  Pylon  
  108  8:02  Pylon  
  108  8:03  Observer  
  108  8:12  Forge  
  108  8:15  Pylon  
  108  8:17  Shield Battery  
  108  8:18  Zealot x5  
  108  8:19  Pylon  
  118  8:24  Protoss Ground Weapons Level 2 (Chrono Boost)  
  118  8:27  Shield Battery  
  118  8:30  High Templar x2  
  118  8:31  Photon Cannon  
  128  8:34  Colossus (Chrono Boost)  
  128  8:36  Archon  
  128  8:39  Gateway, Gravitic Drive  
  128  8:40  Gateway  
  128  8:48  Zealot x3  
  132  8:49  Warp Prism (Chrono Boost)  
  136  8:56  High Templar x2  
  136  8:57  Zealot  
  141  9:10  Probe  
  141  9:12  Immortal (Chrono Boost)  
  141  9:15  Archon  
  146  9:18  Protoss Ground Armor Level 1 (Chrono Boost)  
  146  9:20  Photon Cannon  
  146  9:21  Pylon, Shield Battery  
  146  9:23  Immortal (Chrono Boost)  
  150  9:34  Shield Battery  
  150  9:38  Shield Battery  
  150  9:41  Zealot  
  150  9:42  Zealot x3  
  150  9:45  Dark Shrine  
  160  9:52  Immortal  
  160  9:57  Zealot x2  
  160  9:59  Zealot  
  166  10:04  Immortal  
  166  10:05  High Templar x2  
  166  10:06  Observer  
  174  10:07  Gravitic Boosters  
  174  10:09  Archon  
  172  10:17  High Templar x2  
  172  10:18  Zealot x4, Protoss Ground Weapons Level 3 (Chrono Boost)  
  172  10:19  Observer  
  184  10:22  Archon  
  184  10:34  Assimilator  
  184  10:37  Gateway  
  184  10:38  Assimilator  
  184  10:40  Gateway  
  188  10:44  Immortal (Chrono Boost)  
  188  10:49  Immortal (Chrono Boost)  
  192  10:55  Nexus  
  192  10:57  Shadow Stride (Chrono Boost)  
  192  10:58  Pylon  
  192  11:01  Pylon  
  192  11:12  Stargate  
  192  11:14  Protoss Ground Armor Level 2 (Chrono Boost)  
  190  11:38  Psionic Storm  
  190  11:41  Stargate x2  
  190  11:43  Cybernetics Core, Protoss Air Weapons Level 1 (Chrono Boost)  
  180  11:57  Assimilator  
  180  12:00  Pylon  
  180  12:08  Oracle  
  180  12:11  Stargate  
  183  12:21  Fleet Beacon  
  183  12:22  Stargate  
  183  12:25  Stargate  
  179  12:30  Pylon  
  179  12:32  Pylon  
  179  12:34  Assimilator  
  179  12:39  Photon Cannon  
  179  12:41  Photon Cannon  
  179  12:43  Photon Cannon, Protoss Air Armor Level 1  
  179  12:45  Photon Cannon  
  179  12:47  Photon Cannon  
  179  12:48  Shield Battery  
  179  12:49  Observer x2  
  179  12:51  Shield Battery  
  181  12:54  Photon Cannon  
  181  12:55  Shield Battery  
  180  13:10  Observer x2  
  180  13:11  Zealot x3  
  180  13:12  Zealot x4  
  194  13:24  Carrier  
  200  13:29  Flux Vanes  
  200  13:46  Nexus  
  200  13:47  Pylon  
  200  13:50  Pylon  
  200  13:51  Protoss Shields Level 1 (Chrono Boost)  
  200  13:53  Protoss Ground Armor Level 3 (Chrono Boost)  
  200  14:10  Gateway  
  200  14:11  Gateway  
  200  14:14  Pylon  
  200  14:21  Photon Cannon  
  200  14:22  Photon Cannon  
  198  14:24  Photon Cannon  
  198  14:25  Photon Cannon  
  198  14:30  Shield Battery  
  198  14:32  Shield Battery  
  198  14:34  Photon Cannon  
  198  14:37  Shield Battery  
  191  14:38  Observer, Pylon  
  188  14:55  Probe x3 (Chrono Boost)  
  188  14:56  Probe x2 (Chrono Boost)  
  188  14:57  Protoss Air Armor Level 2 (Chrono Boost)  
  193  15:02  Protoss Air Weapons Level 2 (Chrono Boost)  
  193  15:06  Probe x4 (Chrono Boost)  
  193  15:07  Probe (Chrono Boost)  
  194  15:46  Unknown  
  194  15:49  Carrier (Chrono Boost)  
  199  16:06  Unknown  
  183  16:15  Stalker x3  
  185  16:19  Carrier (Chrono Boost)  
  185  16:21  Protoss Shields Level 2 (Chrono Boost)  
  185  16:23  Carrier x2 (Chrono Boost)  
  185  16:24  Observer  
  185  16:25  Observer x2  
  199  16:57  Carrier (Chrono Boost)  
  199  17:00  Disruptor x2 (Chrono Boost)  
  194  17:02  Carrier (Chrono Boost)  
  194  17:03  Carrier (Chrono Boost)  
  194  17:06  Zealot x11  
  182  17:27  Protoss Air Weapons Level 3 (Chrono Boost)  
  182  17:32  Disruptor (Chrono Boost)  
  182  17:33  Protoss Air Armor Level 3 (Chrono Boost), Disruptor (Chrono Boost)  
  182  17:36  High Templar x4  
  196  17:54  Warp Prism (Chrono Boost)  
  187  18:06  Carrier (Chrono Boost)  
  193  18:16  Carrier (Chrono Boost), Observer  
  193  18:19  Carrier (Chrono Boost)  
  194  18:33  High Templar  
  194  18:34  High Templar  
  198  18:39  Nexus  
  198  18:41  Pylon  
  198  18:45  Protoss Shields Level 3 (Chrono Boost)  
  198  18:46  Observer  
  198  18:59  Pylon  
  198  19:05  Pylon  
  197  19:25  Shield Battery x2  
  197  19:29  Shield Battery x2  
  197  19:33  Shield Battery  
  197  19:35  Shield Battery  
  197  19:36  Shield Battery x2  
  195  19:38  Shield Battery  
  195  19:41  Shield Battery  
  195  19:43  Shield Battery  
  195  19:50  Carrier (Chrono Boost)  
  195  19:52  Assimilator, Pylon  
  189  19:58  Gateway  
  194  20:04  Gateway  
  194  20:09  Disruptor x2  
  194  20:12  Carrier (Chrono Boost)  
  197  20:22  Carrier (Chrono Boost)  
  197  20:26  Assimilator  
  197  20:31  Dark Templar  
  199  20:39  Archon  
  187  20:47  High Templar  
  187  20:48  High Templar  
  187  20:49  High Templar  
  187  21:00  Stalker x6  
  187  21:03  Oracle  
  196  21:20  Observer x2  
  198  21:31  Nexus  
  198  21:33  Pylon  
  198  21:34  Pylon  
  198  21:53  Observer  
  194  22:02  Shield Battery  
  194  22:06  Shield Battery  
  194  22:08  Shield Battery  
  194  22:10  Shield Battery  
  194  22:12  Shield Battery  
  194  22:15  Shield Battery  
  194  22:18  Zealot, Shield Battery  
  194  22:19  Zealot x2  
  194  22:20  Shield Battery  
  186  22:50  Archon  
  186  22:55  Carrier x2  
  172  23:01  Carrier  
  178  23:12  Observer x2  
  176  23:19  Archon  
  172  23:22  High Templar x12  
  172  23:26  Archon  
  172  23:27  Archon x2  
  192  23:29  Stalker x5  
  192  23:33  Warp Prism, Disruptor  
  196  24:00  Oracle  
  196  24:01  Observer  
  199  24:08  Warp Prism  
  197  24:29  Pylon  
  197  24:35  Pylon  
  191  24:41  Zealot x4  
  189  25:21  Dark Templar x5  
  199  25:29  Assimilator  
  199  25:31  Observer x2  
  190  25:37  Nexus  
  190  25:40  Assimilator  
  190  25:48  Archon  
  186  25:52  Stalker  
  186  25:53  Stalker x5  
  186  25:54  Stalker x2  
  186  25:55  Stalker  
  179  26:20  High Templar x3  
  179  26:25  Carrier (Chrono Boost)  
  199  26:26  Carrier (Chrono Boost)  
  199  26:31  Carrier (Chrono Boost)  
  194  26:39  Oracle (Chrono Boost)  
  197  26:51  Observer  
  183  27:12  Carrier (Chrono Boost)  
  183  27:13  Carrier (Chrono Boost)  
  194  27:21  Pylon  
  194  27:22  Carrier (Chrono Boost)  
  193  28:23  High Templar  
  195  28:36  Nexus  
  195  28:37  Dark Templar, Pylon  
  195  28:38  Pylon  
  195  28:40  Assimilator x2  
  193  29:14  Nexus  
  184  29:17  Pylon  
  184  29:19  Pylon  
  180  29:35  High Templar x2  
  180  29:37  Carrier x2  
  196  29:45  Shield Battery  
  196  29:46  Shield Battery  
  196  29:48  Shield Battery  
  196  29:50  Shield Battery  
  196  29:52  Shield Battery  
  196  29:55  Shield Battery  
  196  29:56  Shield Battery  
  196  29:58  Oracle, Shield Battery  
  196  30:00  Shield Battery  
  196  30:01  Observer x2  
  196  30:02  Shield Battery  
  198  30:23  Observer  
  193  30:41  Stalker  
  193  30:42  Stalker x8  
  187  30:43  Stalker x6  
  176  30:50  Stalker x2  
  168  30:57  Carrier x4 (Chrono Boost)  
  168  31:03  Carrier x2 (Chrono Boost)  
  170  31:15  Stalker  
  170  31:16  Stalker x5  
  178  31:20  Assimilator  
  178  31:22  Assimilator  
  178  31:24  Zealot x7  
  178  31:25  Zealot x4  
  170  31:50  Carrier x2 (Chrono Boost)  
  170  31:53  Zealot x7  
  170  31:54  Zealot  
  190  32:07  Observer  
  190  32:22  Stalker x5  
  198  32:30  Dark Templar  
  198  32:33  Observer  
  198  32:35  Observer  
  198  32:36  Observer  
  177  33:00  Dark Templar x4  
  177  33:01  Zealot x6  

Tags
 
Add a new tag
Caveats
  • Supply blocks, unpowered buildings, or Contaminate may cause inaccurate times.
  • Supply counts are checked every 10 seconds.